 Dungeon Crawl Stone Soup version 0.31.0 (webtiles) character file.

Game seed: 3174473629788922249

216 qw the Shooter (level 5, 0/33 HPs)
             Began as a Gargoyle Hunter on Jan 19, 2024.
             Slain by an orc priest
             ... wielding a +0 flail
              (7 damage)
             ... on level 4 of the Dungeon.
             The game lasted 00:00:15 (2317 turns).

qw the Shooter (Gargoyle Hunter)                    Turns: 2317, Time: 00:00:16

Health: 0/33       AC:  9    Str: 15    XL:     5   Next: 93%
Magic:  0/5        EV: 11    Int:  9    God:
Gold:   109        SH:  0    Dex: 15    Spells: 4/4 levels left

rFire   . . .        a - +0 shortbow
rCold   . . .        (shield currently unavailable)
rNeg    + . .        f - +0 ring mail
rPois   inf          (no helmet)
rElec   +            (no cloak)
rCorr   .            (no gloves)
SInv    .            (no boots)
Will    .....        d - amulet of guardian spirit
Stlth   +            (no ring)
HPRegen 0.25/turn    (no ring)
MPRegen 0.09/turn

%: guardian spirit
@: no status effects
A: sickness immunity, AC +4, negative energy resistance 1, electricity
resistance, torment resistance 1, petrification resistance
a: no special abilities


You were on level 4 of the Dungeon.
You visited 1 branch of the dungeon, and saw 4 of its levels.

You collected 109 gold pieces.


Innate Abilities, Weirdness & Mutations

You are immune to sickness and miasma.
Your stone body is resilient. (AC +4)
You are immune to poison.
You resist negative energy. (rN+)
You are resistant to electric shocks. (rElec)
You are resistant to unholy torment.
You are immune to petrification.


   Skills:
 - Level 4.0 Fighting
 + Level 6.1 Ranged Weapons
 - Level 1.0 Armour
 - Level 1.5 Dodging
 - Level 1.1 Stealth


You had 4 spell levels left.
You didn't know any spells.
Your spell library was empty.

Inventory:

Hand Weapons
 a - a +0 shortbow (weapon)
Armour
 f - a +0 ring mail (worn)
Jewellery
 d - an amulet of guardian spirit (around neck)
Wands
 g - a wand of paralysis (7)
 h - a wand of flame (27)
Potions
 b - a potion of curing
 c - a potion of enlightenment

Dungeon Overview and Level Annotations

Branches:
Dungeon (4/15)
 Temple: D:4-7

Altars:

Shops:
D:2 =   D:3 (


Message History

There is a stone staircase leading up here.
Waypoint 3 assigned to D:4.
Found a stone staircase leading down.
An orc comes into view. It is wielding a +0 mace.
The orc shouts!
You hear a shout!
You shoot an arrow. The arrow barely misses the orc.
You shoot an arrow. The arrow barely misses the orc.
You shoot an arrow. The arrow hits the orc.
The orc is severely wounded.
You shoot an arrow. The arrow hits the orc.
You kill the orc!
A dart slug and an orc priest come into view.
You shoot an arrow.
The arrow closely misses the orc priest.
You shoot an arrow.
The arrow closely misses the orc priest.
The orc priest invokes the aid of Beogh against you.
Beogh smites you!
You shoot an arrow. The arrow hits the orc priest!
The orc priest is heavily wounded.
The dart slug launches a dart at you. The slug dart misses you.
You shoot an arrow. The arrow barely misses the orc priest.
The dart slug launches a dart at you.
The slug dart hits you but does no damage.
You shoot an arrow.
The arrow closely misses the orc priest.
You shoot an arrow. The arrow hits the orc priest.
The orc priest is almost dead.
The orc priest mumbles some strange prayers to Beogh against you.
Beogh smites you! The dart slug launches a dart at you.
The slug dart hits you but does no damage.
The orc priest invokes the aid of Beogh against you.
Pain shoots through your body!
You shoot an arrow.
The arrow hits the orc priest but does no damage.
The orc priest is almost dead.
The orc priest hits you with a +0 flail!
You die...

......#............<......
......#.....#...........#.
........#.###.............
........#.# #...........#.
........#.###.............
...................#.....
.........####...........#
....>..#....#...........#
.......#@...#
#.....##o...# #####.
....)# ........w.
............. ............
.............
.......###.#..


You could see an orc priest and a dart slug.

Vanquished Creatures
  A scorpion (D:3)
  A bombardier beetle (D:3)
  Natasha (D:2)
  A gnoll (D:1)
  2 adders
  A dart slug (D:1)
  3 ribbon worms
  An orc (D:4)
  6 endoplasms
  A giant cockroach (D:1)
  5 goblins
  6 hobgoblins
  10 jackals (D:1)
  6 kobolds
  A quokka (D:3)
  7 ball pythons
  6 bats
  3 frilled lizards (D:1)
  A rat (D:1)
63 creatures vanquished.

Notes
Turn   | Place    | Note
-------+----------+-------------------------------------------
     0 | D:1      | qw the Gargoyle Hunter began the quest for the Orb.
     0 | D:1      | Reached XP level 1. HP: 12/12 MP: 1/1
     0 | D:1      | 0 ||| qw: Version: 0.3-a-132-g3d54051
     0 | D:1      | 0 ||| qw: Game counter: 174
     0 | D:1      | 0 ||| qw: Melee chars always use a shield: true
     0 | D:1      | 0 ||| qw: God list: Okawaru
     0 | D:1      | 0 ||| qw: Allow faded altars: false
     0 | D:1      | 0 ||| qw: Do Orc after clearing Dungeon:15 true
     0 | D:1      | 0 ||| qw: Do second Lair branch before Depths: true
     0 | D:1      | 0 ||| qw: Lair rune preference: random
     0 | D:1      | 0 ||| qw: Goals: Normal
     0 | D:1      | 0 ||| PLANNING D:1-11
    79 | D:1      | Reached XP level 2. HP: 17/17 MP: 2/2
   253 | D:1      | Reached XP level 3. HP: 21/21 MP: 3/3
   255 | D:1      | Reached skill level 5 in Ranged Weapons
   411 | D:1      | Reached skill level 3 in Fighting
   811 | D:1      | 811 ||| UPGRADING to +0 ring mail.
   821 | D:1      | 821 ||| DROPPING +0 leather armour.
   822 | D:1      | 822 ||| DROPPING ring of wizardry.
   823 | D:1      | 823 ||| READING scroll labelled VIMUAC ARAKUI.
   824 | D:1      | 824 ||| READING scroll labelled JUCOUNGENEL.
   828 | D:1      | 828 ||| READING scroll labelled ISCHAT NUNA.
   829 | D:1      | 829 ||| DROPPING scroll of butterflies.
   979 | D:2      | Reached skill level 1 in Armour
   979 | D:2      | Reached XP level 4. HP: 28/28 MP: 4/4
  1178 | D:2      | Noticed Natasha
  1180 | D:2      | Killed Natasha
  1327 | D:2      | Found Biklaash's Jewellery Boutique.
  1330 | D:2      | 1330 ||| SHOPLISTING ring of Goasarr {Wiz rF+ Str+3 Dex+3
                  | Stlth-} (607 gold, have 85).
  1330 | D:2      | 1330 ||| SHOPLISTING ring of positive energy (220 gold,
                  | have 85).
  1564 | D:2      | 1564 ||| READING 2 scrolls labelled GEMNINW POTZ.
  1565 | D:2      | 1565 ||| READING 2 scrolls labelled LEDEOLEIRU.
  1566 | D:2      | 1566 ||| FLEEEEING.
  1676 | D:2      | 1676 ||| DRINKING 2 murky silvery potions.
  1711 | D:2      | 1711 ||| DRINKING 2 orange potions.
  1712 | D:2      | 1712 ||| DROPPING potion of lignification.
  1713 | D:2      | 1713 ||| DROPPING scroll of immolation.
  1714 | D:2      | 1714 ||| DROPPING scroll of vulnerability.
  1878 | D:3      | Reached skill level 6 in Ranged Weapons
  1878 | D:3      | Reached XP level 5. HP: 21/32 MP: 5/5
  1878 | D:3      | 1878 ||| FLEEEEING.
  1887 | D:3      | 1887 ||| STAIRDANCE
  1937 | D:2      | 1937 ||| DRINKING 2 sedimented coppery potions.
  1973 | D:3      | 1973 ||| FLEEEEING.
  1983 | D:3      | 1983 ||| STAIRDANCE
  2042 | D:3      | Found Janen's Antique Weapon Shoppe.
  2247 | D:3      | 2247 ||| UPGRADING to amulet of guardian spirit.
  2252 | D:3      | 2252 ||| READING scroll labelled WAXUPN GORU.
  2316 | D:4      | HP: 6/33 [orc priest/nerve-wracking pain (4)]
  2317 | D:4      | Slain by an orc priest

Levels and vault maps discovered:
D:1:      lightli_arrival_maybe_door_vault, layout_basic
D:2:      layout_loops_ring, serial_shops, nicolae_shop_real_fake_doors,
          grunt_ministairs_6, uniq_natasha
D:3:      layout_rooms, serial_shops, nicolae_shop_trees
D:4:      layout_basic

Skill      XL: |  1  2  3  4  5 |
---------------+----------------+-----
Ranged Weapons | 5 6 |  6.1
Fighting       | 3 4 |  4.0
Armour         | 1 |  1.0
Dodging        | |  1.5
Stealth        | |  1.1

Action                     |  1- 3 |  4- 6 || total
---------------------------+-------+-------++-------
   Fire: Shortbow          |   117 |   105 ||   222
    Use: Scroll            |     3 |     3 ||     6
         Potion            |       |     3 ||     3
 Armour: Leather armour    |    27 |       ||    27
         Ring mail         |     2 |    26 ||    28
  Dodge: Dodged            |    31 |    18 ||    49

Table legend:
 A = Non-vault XP
 B = Vault XP
 C = Vault XP percentage of total XP
 D = Non-vault monster count
 E = Vault monster count
 F = Vault count percentage of total count
                 A         B        C        D         E       F
            +---------+---------+-------+---------+---------+-------
      Total |     262 |      47 |  15.2 |      60 |       3 |   4.8
            +---------+---------+-------+---------+---------+-------
        D:1 |      80 |       0 |   0.0 |      39 |       0 |   0.0
        D:2 |      22 |      47 |  68.1 |      10 |       3 |  23.1
        D:3 |     157 |       0 |   0.0 |      10 |       0 |   0.0
        D:4 |       3 |       0 |   0.0 |       1 |       0 |   0.0
            +---------+---------+-------+---------+---------+-------
